 Dungeon Crawl Stone Soup version 0.25-a0-566-g062765be81 (webtiles) character file.

Game seed: 2342893420138478873, levelgen mode: deterministic

1 vurker the Gusty (level 1, 0/10 HPs)
             Began as a Tengu Air Elementalist on Feb 28, 2020.
             Slain by a leopard gecko (3 damage)
             ... on level 1 of the Dungeon.
             The game lasted 00:00:16 (118 turns).

vurker the Gusty (Tengu Air Elementalist)            Turns: 118, Time: 00:00:16

Health: 0/10       AC:  2    Str:  8    XL:     1   Next: 20%
Magic:  0/4        EV: 13    Int: 15    God:
Gold:   28         SH:  0    Dex: 14    Spells: 3/4 levels left

rFire    . . .     SeeInvis .   (no weapon)
rCold    . . .     Gourm    .   (no shield)
rNeg     . . .     Faith    .   a - +0 robe
rPois    .         Spirit   .   (helmet restricted)
rElec    .         Reflect  .   (no cloak)
rCorr    .         Harm     .   (no gloves)
MR       .....                  (boots unavailable)
Stlth    ++........             (no amulet)
HPRegen  0.03/turn              c - +1 ring of evasion
MPRegen  0.09/turn              (no ring)

@: very slightly contaminated
A: beak, talons 3
a: no special abilities


You were on level 1 of the Dungeon.
You were not hungry.

You visited 1 branch of the dungeon, and saw 1 of its levels.

You collected 28 gold pieces.

Inventory:

Armour
 a - a +0 robe (worn)
Jewellery
 c - a +1 ring of evasion (left hand)
   (You found it on level 1 of the Dungeon)
Comestibles
 b - a chunk of flesh
 e - a ration


   Skills:
 + Level 0.0 Fighting
 - Level 2.1 Dodging
 - Level 2.0 Stealth
 * Level 2.0 Spellcasting
 + Level 1.4 Conjurations
 * Level 4.0 Air Magic


You had 3 spell levels left.
You knew the following spells:

 Your Spells              Type           Power        Failure   Level  Hunger
a - Shock                 Conj/Air       #...         8%          1    #......

Your spell library contained the following spells:

 Spells                   Type           Power        Failure   Level  Hunger
 Swiftness                Chrm/Air       #.......     14%         2    ###....
 Static Discharge         Conj/Air       #.......     22%         3    ###....
 Airstrike                Air            ##........   38%         4    #####..
 Lightning Bolt           Conj/Air       #.........   90%         5    ######.


Dungeon Overview and Level Annotations

Branches:
Dungeon (1/15)

Altars:


Innate Abilities, Weirdness & Mutations

You have a beak for a mouth.
You have claws for feet.


Message History

You can't see any susceptible monsters within range! (Use Z to cast anyway.)
You can't see any susceptible monsters within range! (Use Z to cast anyway.)
You can't see any susceptible monsters within range! (Use Z to cast anyway.)
Found 5 boomerangs.
Found a knobbly opal ring and a whip.
You see here 14 stones.
You open the large door.
Found 17 gold pieces.
You can't see any susceptible monsters within range! (Use Z to cast anyway.)
You can't see any susceptible monsters within range! (Use Z to cast anyway.)
There is a large open door here.
You now have 28 gold pieces (gained 17).
Found 9 poisoned darts.
c - a knobbly opal ring
c - a +1 ring of evasion (left hand)
A hobgoblin comes into view.
The hobgoblin shouts!
You hear a shout!
A kobold comes into view. It is wielding a +0 club.
There are monsters nearby!
Aim: a hobgoblin The zap hits the hobgoblin.
The zap misses the kobold.
The kobold shouts!
You hear an angry hiss.
Aim: a kobold, wielding a +0 club The zap misses the kobold.
A leopard gecko comes into view.
Aim: a kobold, wielding a +0 club The zap hits the hobgoblin.
The zap hits the kobold.
The leopard gecko hisses angrily.
A frilled lizard comes into view.
Aim: a hobgoblin (moderately wounded)
The zap hits the hobgoblin.
You hear an angry hiss.
You don't have enough magic to cast that spell.
You hit the hobgoblin but do no damage. The hobgoblin closely misses you.
A leopard gecko comes into view.
You closely miss the hobgoblin. The hobgoblin hits you.
You closely miss the hobgoblin. The hobgoblin misses you.
The leopard gecko hisses menacingly.
The leopard gecko bites you but does no damage.
You miss the leopard gecko. Your kick misses the leopard gecko.
The leopard gecko closely misses you.
You miss the leopard gecko. The leopard gecko bites you.
You hit the leopard gecko but do no damage.
Your kick misses the leopard gecko. The leopard gecko bites you.
* * * LOW HITPOINT WARNING * * *
Aim: a hobgoblin (heavily wounded)
You miscast Shock.
You are very lightly contaminated with residual magic.
Nothing appears to happen.
The leopard gecko bites you.
You die...

# #. .# l# l# ### .#####.
## ≈≈≈########l...... .#
≈≈≈≈≈##.@lgKl.....
.##########≈≈≈≈.##########
......÷..#≈≈≈≈≈.#
#+####...#≈≈≈≈≈.#
#''##≈≈≈≈≈.# #..≈≈≈≈≈##.#
######....(..'..#
.............'..#
.......≈≈≈≈≈≈##.#


You could see 2 leopard geckos, a hobgoblin, a kobold and a frilled lizard.

Vanquished Creatures
  2 rats (D:1)
2 creatures vanquished.

Notes
Turn   | Place    | Note
-------+----------+-------------------------------------------
     0 | D:1      | vurker the Tengu Air Elementalist began the quest for the
                  | Orb.
     0 | D:1      | Reached XP level 1. HP: 10/10 MP: 4/4
   118 | D:1      | Slain by a leopard gecko

Levels and vault maps discovered:
D:1:      sevenhm_arrival_forest_fort_large_1, layout_basic, minmay_vboxes

Action                   || total
-------------------------++-------
Melee: Unarmed           ||     6
 Cast: Shock             ||     7
Armor: Robe              ||     1
Dodge: Dodged            ||     3

Table legend:
 A = Non-vault XP
 B = Vault XP
 C = Vault XP percentage of total XP
 D = Non-vault monster count
 E = Vault monster count
 F = Vault count percentage of total count
                 A         B        C        D         E       F
            +---------+---------+-------+---------+---------+-------
      Total |       0 |       2 | 100.0 |       0 |       2 | 100.0
            +---------+---------+-------+---------+---------+-------
        D:1 |       0 |       2 | 100.0 |       0 |       2 | 100.0
            +---------+---------+-------+---------+---------+-------
